 Dungeon Crawl Stone Soup version 0.32-a0-576-g706899e69d (webtiles) character file.

Game seed: 12467029688754265879

10353 hikkokomori the Fighter (level 11, -7/92 (99) HPs)
             Began as a Mountain Dwarf Cinder Acolyte on Mar 1, 2024.
             Was a High Priest of Ignis.
             Mangled by a wraith (9 damage)
             ... led by Josephine
             ... on level 10 of the Dungeon.
             The game lasted 00:45:45 (13464 turns).

hikkokomori the Fighter (MDCA)                     Turns: 13464, Time: 00:45:45

HP:   -7/92 (99)    AC: 35    Str: 18    XL:     11   Next: 35%
MP:   23/27         EV:  5    Int: 18    God:    Ignis [*****.]
Gold: 133           SH:  4    Dex:  5    Spells: 12/20 levels left

rFire   + . .        N - +2 flail (protect)
rCold   x . .        H - +0 buckler
rNeg    . . .        T - +7 plate armour of Vampiric Thralls {+Blink rPois rC-}
rPois   +            a - +1 helmet {SInv}
rElec   .            C - +1 cloak {rCorr}
rCorr   +            (no gloves)
SInv    +            j - +0 pair of boots
Will    +....        (no amulet) Stlth
                     c - ring of magical power
HPRegen 0.35/turn    o - +4 ring of protection
MPRegen 0.20/turn

%: no passive effects
@: under a protective aura, very slightly contaminated, drained, invisible
A: runic magic, artefact enchanting
a: Renounce Religion, Evoke Blink, Fiery Armour, Foxfire Swarm, Rising Flame


You were on level 10 of the Dungeon.
You worshipped Ignis.
Ignis was extremely pleased with you.
You visited 2 branches of the dungeon, and saw 11 of its levels.
You also visited: Ossuary.

You collected 721 gold pieces.
You spent 588 gold pieces at shops.

Inventory:

Hand Weapons
 t - a +1 war axe
 z - a +4 battleaxe
 K - a +2 hand axe of flaming
 N - a +2 flail of protection (weapon)
 Q - a +4 trident of draining
Missiles
 D - a throwing net
 S - 3 atropa-tipped darts
Armour
 a - a +1 helmet of see invisible (worn)
 j - a +0 pair of boots (worn)
 C - a +1 cloak of preservation (worn)
 H - a +0 buckler (worn)
 J - a +2 chain mail of poison resistance
 T - the +7 plate armour of Vampiric Thralls (worn) {+Blink rPois rC-}
   (You bought it in a shop on level 4 of the Dungeon)

   rC-:       It makes you vulnerable to cold.
   rPois:     It protects you from poison.
   +Blink:    It lets you blink.
Jewellery
 b - a ring of protection from cold
 c - a ring of magical power (left hand)
 d - a ring of fire
 o - a +4 ring of protection (right hand)
 q - a ring of poison resistance
 O - a ring of ice
 R - the ring of Suspected Treachery {rN+ Dex+3}
   (You found it on level 7 of the Dungeon)

   [ring of positive energy]

   Dex+3:     It affects your dexterity (+3).
   rN+:       It protects you from negative energy.
Wands
 B - a wand of digging (6)
 E - a wand of mindburst (2)
 I - a wand of flame (5)
Scrolls
 e - a scroll of blinking
 f - a scroll of fog
 h - a scroll of teleportation
 l - 2 scrolls of fear
 m - a scroll of immolation {unknown}
 n - a scroll of summoning {unknown}
 p - 4 scrolls of amnesia
 x - 3 scrolls of revelation {unknown}
 y - 2 scrolls of noise {unknown}
 A - 2 scrolls of poison {unknown}
 G - a scroll of enchant weapon {unknown}
Potions
 g - a potion of invisibility
 i - 3 potions of haste
 k - 2 potions of magic
 r - a potion of attraction
 s - a potion of curing
 u - 2 potions of enlightenment
 v - a potion of mutation
 w - 2 potions of heal wounds
 F - a potion of berserk rage
 L - a potion of brilliance
 M - 2 potions of might


   Skills:
 + Level 10.1 Fighting
 - Level 6.2(8.1) Axes
 + Level 7.9(8.9) Maces & Flails
 - Level 4.0 Armour
 - Level 5.0 Shields
 - Level 0.1 Unarmed Combat
 - Level 5.0 Spellcasting
 - Level 4.0 Conjurations
 - Level 5.0 Hexes
 - Level 5.0 Fire Magic
 + Level 6.3 Earth Magic
 - Level 5.0 Evocations


You had 12 spell levels left.
You knew the following spells:

 Your Spells              Type           Power      Damage    Failure   Level
a - Scorch                Fire           44%        2d6       8%          2
b - Tukima's Dance        Hex            22%        N/A       16%         3
c - Stone Arrow           Conj/Erth      46%        3d9       16%         3

Your spell library contained the following spells:

 Spells                   Type           Power      Damage    Failure   Level
 Sandblast                Erth           54%        2d13      3%          1
 Jinxbite                 Hex            44%        N/A       8%          2
 Passwall                 Erth           27%        N/A       10%         3
 Apportation              Tloc           8%         N/A       38%         1
 Brom's Barrelling Bould  Conj/Erth      23%        2d4       45%         4
 Dimensional Bullseye     Hex/Tloc       6%         N/A       82%         4
 Iskenderun's Mystic Bla  Conj/Tloc      11%        2d4       87%         4
 Passage of Golubria      Tloc           4%         N/A       99%         4
 Yara's Violent Unravell  Hex/Alch       6%         3d5       99%         5
 Alistair's Intoxication  Alch           2%         N/A       100%        5


Dungeon Overview and Level Annotations

Branches:
Dungeon (10/15)            Temple (1/1) D:4            Lair (0/5) D:10
    Orc (0/2) D:9         Ossuary (visited)

Altars:
Ashenzari
Cheibriados
Dithmenos
Elyvilon
Fedhas
Gozag
Hepliaklqana
Kikubaaqudgha
Makhleb
Nemelex Xobeh
Okawaru
Qazlal
Ru
Sif Muna
Trog
Uskayaw
Vehumet
Wu Jian
Xom
Yredelemnul
Zin
The Shining One

Shops:
D:4 [([??

Annotations:
D:7 2 runed translucent doors
D:8 3 runed translucent doors
D:10 Josephine


Innate Abilities, Weirdness & Mutations

Your spellcasting is much less encumbered by armour.
You can use scrolls of enchantment on lesser artefacts.


Message History

You bludgeon the centaur!!
Your weapon exudes an aura of protection.
You kill the centaur!
Your +0 orcbow falls from the air.
You hear a splash.
A wraith comes into view.
Unknown command.
Aiming: Mindburst
Press: ? - help, Shift-Dir - straight line, f - Josephine
Aim: Josephine, wielding a +0 dagger and wearing a +2 robe (almost dead, unable to see you, chance to affect: 50%) Josephine resists with some effort.
Josephine gestures at you while chanting.
The ghostly flame explodes!
The ghostly fireball engulfs you!
You feel drained.
* * * LOW HITPOINT WARNING * * *
You hear a howl!
You hear a shout!
Aiming: Mindburst
Press: ? - help, Shift-Dir - straight line, f/p - Josephine
Aim: Josephine, wielding a +0 dagger and wearing a +2 robe (almost dead, unable to see you, chance to affect: 50%) Josephine resists with some effort.
Okay, then.
Casting: Tukima's Dance (dangerous; 16% risk of failure)
Confirm with . or Enter, or press ? or * to list all spells.
Okay, then.
Okay, then.
As you read the scroll of fog, it dissolves into smoke.
You catch the helpless Josephine completely off-guard!
You hit Josephine.
Your weapon exudes an aura of protection.
Josephine is almost dead.
Josephine screams, "I have something special for you."
Josephine hits you but does no damage.
Okay, then.
Josephine casts a spell past the wraith.
The ghostly flame explodes!
The ghostly fireball engulfs you.
You feel drained.
* * * LOW HITPOINT WARNING * * *
The ghostly fireball engulfs Josephine.
Josephine completely resists.
The ghostly fireball engulfs the wraith.
The wraith completely resists.
The wraith attacks as it pursues you! The wraith hits you!
You die...
Ignis goes out, and joins you in death.

#.# #..#........... #.#
#.#..~~..~~... #.#
#.....~.~~~.~. #.#
##.#..~~≈≈~.~. ##)##
#.#...≈~≈≈.~≈ ..).#
#÷#....~≈~.~≈ #...###########
#)#..~~~≈≈.~~
###..........[######)#†.~≈≈≈≈.~≈
#.#########.§§@W@#†#.÷≈≈≈≈~.~.
#.# ######§§§.~≈≈≈≈†.... #..
####§~≈≈≈≈~.... ### #.≈≈≈≈≈~.>.~
#@~≈≈≈≈~.... #c≈≈≈≈≈.~.≈.
#Y†≈~≈~≈~≈Y≈ ######'~..~≈≈≈≈
#c........≈≈~≈~


You could see Josephine (wandering, unable to see you) and a wraith.

Vanquished Creatures
  3 two-headed ogres
  Maurice (D:9)
  2 unseen horror zombies (D:9)
  2 kobold demonologists (D:9)
  A hornet (D:8)
  A slime creature (D:7)
  A shadow (D:7)
  A wraith (D:10)
  5 yaks
  A steam dragon (D:7)
  2 water moccasins
  A black bear (D:5)
  An ice beast (D:7)
  3 orc warriors
  2 sky beasts (D:6)
  2 wolves (D:10)
  2 centaurs
  A phantom (D:7)
  Blork the orc (D:6)
  A kobold brigand (D:9)
  A gnoll sergeant (D:7)
  4 bullfrogs
  4 scorpions
  7 wights
  12 killer bees
  2 electric eels (D:10)
  2 howler monkeys (D:7)
  2 centaur zombies (D:9)
  A jelly (D:6)
  3 orc priests
  8 hounds
  4 centaur skeletons (Ossuary)
  2 gnoll boudas
  A sleepcap (D:7)
  2 iguanas
  6 orc wizards
  A crocodile zombie (Ossuary)
  An ogre skeleton (Ossuary)
  8 mummies (Ossuary)
  6 howler monkey zombies (D:9)
  16 gnolls
  5 adders
  A shadow imp (D:7)
  2 white imps
  An ufetubus (D:7)
  A ribbon worm (D:3)
  4 dart slugs
  30 orcs
  6 ball pythons
  2 bats (D:3)
  10 endoplasms
  4 giant cockroaches
  8 hobgoblins
  13 jackals
  5 quokkas
  6 frilled lizards
  A gnoll skeleton (Ossuary)
  7 goblins
  13 kobolds
  2 orc skeletons (Ossuary)
  2 rats
  10 spectral rats (Ossuary)
260 creatures vanquished.

Vanquished Creatures (collateral kills)
  A two-headed ogre (D:8)
  Jeremiah (D:9)
  A yak (D:10)
  A vampire (D:7)
  A wight (D:9)
  An orc priest (D:9)
  3 orcs (D:9)
9 creatures vanquished.

Vanquished Creatures (others)
  8 dancing weapons
  A wraith (D:10)
  2 yaks (D:10)
11 creatures vanquished.

Grand Total: 280 creatures vanquished

Notes
Turn   | Place    | Note
-------+----------+-------------------------------------------
     0 | D:1      | hikkokomori the Mountain Dwarf Cinder Acolyte began the
                  | quest for the Orb.
     0 | D:1      | Reached XP level 1. HP: 19/19 MP: 2/2
   257 | D:1      | Reached XP level 2. HP: 21/26 MP: 3/3
   261 | D:1      | Learned a level 2 spell: Scorch
   642 | D:1      | Found a faded altar of an unknown god.
   874 | D:1      | Reached XP level 3. HP: 28/31 MP: 5/5
  1720 | D:3      | Reached XP level 4. HP: 40/40 MP: 6/6
  1963 | D:3      | Reached skill level 4 in Fighting
  2557 | D:3      | Learned a level 3 spell: Tukima's Dance
  2667 | D:3      | Reached XP level 5. HP: 46/46 MP: 8/8
  2669 | D:3      | Reached skill level 1 in Hexes
  2855 | D:4      | Learned a level 3 spell: Stone Arrow
  2887 | D:4      | Found Yzoafic's Magic Scroll Boutique.
  3120 | D:4      | Found Ennyhuv's Magic Scroll Emporium.
  3137 | D:4      | Found a sand-covered staircase.
  3156 | Ossuary  | Entered an ossuary
  3187 | Ossuary  | Reached skill level 5 in Maces & Flails
  3187 | Ossuary  | Reached skill level 5 in Fire Magic
  3374 | Ossuary  | Reached XP level 6. HP: 53/53 MP: 9/9
  3572 | Ossuary  | Reached skill level 5 in Fighting
  3823 | Ossuary  | Reached XP level 7. HP: 27/60 MP: 5/10
  3824 | Ossuary  | Reached skill level 1 in Conjurations
  3824 | Ossuary  | Reached skill level 1 in Earth Magic
  4132 | D:4      | Found a staircase to the Ecumenical Temple.
  4144 | D:4      | Reached skill level 1 in Axes
  4180 | D:4      | Found Xeyxyoma's Antique Armour Boutique.
  4210 | D:4      | Found Gueq Zei's Antique Weapon Emporium.
  4247 | D:4      | Found Erphuh's Antique Armour Shoppe.
  4283 | Temple   | Entered the Ecumenical Temple
  4911 | D:5      | Entered Level 5 of the Dungeon
  6003 | D:6      | Reached XP level 8. HP: 51/68 MP: 1/11
  6311 | D:6      | Noticed Blork the orc
  6361 | D:6      | Killed Blork the orc
  6842 | D:6      | Reached skill level 1 in Shields
  7007 | D:7      | Found a blossoming altar of Fedhas.
  7007 | D:7      | Found a glowing silver altar of Zin.
  7194 | D:7      | Reached skill level 6 in Fighting
  7564 | D:7      | HP: 1/71 [gnoll/+0 whip of electrocution[a gnoll bouda]
                  | (8)]
  7878 | D:8      | Reached XP level 9. HP: 76/78 MP: 13/13
  8054 | D:8      | Found a runed translucent gate.
  8054 | D:8      | Found a runed translucent gate.
  8054 | D:8      | Found a runed translucent gate.
  8055 | D:8      | Noticed a purple ugly thing
  8055 | D:8      | Noticed a green ugly thing
  8057 | D:8      | Noticed a brown ugly thing
  8058 | D:8      | Noticed a purple ugly thing
  8253 | D:8      | Reached skill level 7 in Fighting
  8505 | D:8      | Noticed a two-headed ogre
  8513 | D:8      | Killed a two-headed ogre
  8514 | D:8      | Reached skill level 5 in Shields
  9183 | D:7      | Found a large runed translucent door.
  9183 | D:7      | Found a large runed translucent door.
  9229 | D:7      | Reached skill level 5 in Axes
  9531 | D:7      | Found an ancient bone altar of Kikubaaqudgha.
  9651 | D:7      | You fall into a shaft and drop 1 floor!
  9731 | D:7      | Found a large runed translucent door.
  9731 | D:7      | Found a large runed translucent door.
  9733 | D:7      | Noticed a two-headed ogre
  9946 | D:7      | Reached XP level 10. HP: 86/86 MP: 16/16
 10203 | D:7      | Found a white marble altar of Elyvilon.
 10204 | D:7      | Found an iron altar of Okawaru.
 10206 | D:7      | Found a sparkling altar of Nemelex Xobeh.
 10207 | D:7      | Found a broken altar of Ashenzari.
 10209 | D:7      | Found a bloodstained altar of Trog.
 10213 | D:7      | Found a sacrificial altar of Ru.
 10704 | D:9      | Noticed Maurice
 10737 | D:9      | Found a snail-covered altar of Cheibriados.
 10738 | D:9      | Found a staircase to the Orcish Mines.
 10745 | D:9      | Maurice stole a ring of ice
 10762 | D:9      | Maurice stole a +2 hand axe of flaming
 10771 | D:9      | Maurice stole a throwing net
 10783 | D:9      | Killed Maurice
 10976 | D:9      | Reached skill level 5 in Earth Magic
 11090 | D:9      | Noticed a two-headed ogre
 11104 | D:9      | Killed a two-headed ogre
 11105 | D:9      | Reached skill level 8 in Fighting
 11338 | D:9      | Noticed a rust devil
 11951 | D:9      | Noticed Jeremiah
 11957 | D:9      | Killed Jeremiah
 11958 | D:9      | Reached skill level 5 in Hexes
 12003 | D:9      | Noticed a smoke demon
 12005 | D:9      | Reached skill level 5 in Spellcasting
 12172 | D:9      | Reached XP level 11. HP: 86/95 MP: 12/18
 12359 | D:9      | Found a basalt altar of Yredelemnul.
 12370 | D:9      | Reached skill level 9 in Fighting
 12654 | D:7      | Killed a two-headed ogre
 12669 | D:7      | Identified the ring of Suspected Treachery {rN+ Dex+3}
 12774 | D:4      | Bought a bloodstained plate armour for 588 gold pieces
 12774 | D:4      | Identified the +7 plate armour of Vampiric Thralls {+Blink
                  | rPois rC-} (You bought it in a shop on level 4 of the
                  | Dungeon)
 12862 | D:10     | Entered Level 10 of the Dungeon
 13117 | D:10     | Found a staircase to the Lair.
 13119 | D:10     | Noticed a two-headed ogre
 13120 | D:10     | Reached skill level 5 in Evocations
 13124 | D:10     | Noticed Josephine
 13140 | D:10     | Killed a two-headed ogre
 13141 | D:10     | Reached skill level 10 in Fighting
 13459 | D:10     | HP: 3/94 [Josephine/ghostly fireball (14)]
 13464 | D:10     | HP: 2/92 [Josephine/ghostly fireball (2)]
 13464 | D:10     | Mangled by a wraith

Illustrated notes

Levels and vault maps discovered:
D:1:      erik_arrival_orb_chamber, layout_rooms,
          shapermc_ecumenical_altar_mp_urbaneastern
D:2:      layout_basic, minmay_large_rounded_square
D:3:      layout_basic, cheibrodos_gnoll_hut
D:4:      layout_gridville, minmay_temple_entry_glassed_door,
          nicolae_ossuary_entry_false_entrances, serial_shops, shop,
          nicolae_square_shop, nicolae_shop_real_fake_doors, shop,
          nicolae_shop_window_shopping, serial_library_hellmonk_hallway_a
D:5:      layout_basic
D:6:      layout_basic, nicolae_figureground_pulse, uniq_blork_the_orc
D:7:      layout_basic, mainiacjoe_overflow_surrounded_room,
          nicolae_overflow_hallway_of_the_gods, serial_rivers,
          chequers_serial_rivers_micro_b, chequers_serial_rivers_micro_b,
          chequers_serial_rivers_micro_c, chequers_serial_rivers_large_a,
          minivault_22, minivault_5, minmay_hollow_rounded_squares
D:8:      layout_basic, ploomutoo_gammafunk_ghost_potion_laboratory
D:9:      layout_roguey, cheibriados_altar_1, nicolae_yredelemnul_corpse_copse,
          orc_david_3, nicolae_elevator_lobby_asterisk, uniq_maurice,
          uniq_jeremiah
D:10:     layout_roguey, erik_lair_island, uniq_psyche, uniq_josephine
Temple:   hellmonk_temple_of_storms

Skill      XL: |  1  2  3  4  5  6  7  8  9 10 11 |
---------------+----------------------------------+-----
Maces & Flails | 4 5 6 7 |  7.9
Fire Magic     | 4 5 |  5.0
Fighting       | 4 5 6 7 8 10 | 10.1
Spellcasting   | 2 3 4 5 |  5.0
Hexes          | 2 3 5 |  5.0
Conjurations   | 2 3 4 |  4.0
Earth Magic    | 3 4 6 |  6.3
Axes           | 3 6 |  6.2
Shields        | 3 5 |  5.0
Armour         | 4 |  4.0
Evocations     | 2 4 5 |  5.0
Unarmed Combat | |  0.1

Action                     |  1- 3 |  4- 6 |  7- 9 | 10-12 || total
---------------------------+-------+-------+-------+-------++-------
  Melee: Mace              |    68 |    57 |     1 |       ||   126
         War axe           |       |       |     7 |       ||     7
         Flail             |       |       |   108 |   228 ||   336
   Cast: Scorch            |    35 |    89 |   189 |    52 ||   365
         Tukima's Dance    |       |       |     4 |    25 ||    29
         Stone Arrow       |       |       |       |    58 ||    58
 Invoke: Fiery Armour      |     1 |       |       |       ||     1
  Evoke: Wand              |       |       |       |     8 ||     8
    Use: Scroll            |       |     6 |     9 |     6 ||    21
         Potion            |       |       |     1 |     3 ||     4
   Stab: Distracted        |       |       |       |     1 ||     1
         Invisible         |       |       |       |     1 ||     1
 Armour: Robe              |    54 |       |       |       ||    54
         Scale mail        |     2 |    86 |    95 |       ||   183
         Chain mail        |       |       |   112 |   330 ||   442
         Plate armour      |       |       |       |    71 ||    71
  Dodge: Dodged            |    44 |    57 |    92 |   121 ||   314
  Block: Buckler           |       |       |    28 |    77 ||   105

Table legend: (Time is in decaauts)
 A = Elapsed time spent in this place.
 B = Non-inter-level travel time spent in this place.
 C = Inter-level travel time spent in this place.
 D = Time resting spent in this place.
 E = Time spent auto-exploring this place.
 F = Levels seen in this place.
 G = Mean time per level.
                   A        B        C        D        E       F      G
               +--------+--------+--------+--------+--------+-----+--------+
         Total |  13497 |  13005 |    492 |   1187 |   9739 |  12 | 1124.8 |
       Dungeon |  12534 |  12043 |    491 |   1187 |   8959 |  10 | 1253.4 |
        Temple |     10 |     10 |      0 |      0 |      0 |   1 |   10.0 |
       Ossuary |    952 |    952 |      0 |      0 |    780 |   1 |  952.0 |
               +--------+--------+--------+--------+--------+-----+--------+

Top non-repeatable levels by time:
     D:9: 2122 daAuts
     D:7: 1936 daAuts
     D:8: 1499 daAuts
     D:5: 1197 daAuts
     D:4: 1190 daAuts
     D:6: 1132 daAuts
     D:3: 1126 daAuts
 Ossuary: 952 daAuts
     D:2: 866 daAuts
     D:1: 850 daAuts
    D:10: 612 daAuts
  Temple: 10 daAuts
